 Dungeon Crawl Stone Soup version 0.27.1 (webtiles) character file.

Game seed: 2635913233304319542

494 DoubleLucky the Firebug (level 6, 0/37 (45) HPs)
             Began as a Draconian Fire Elementalist on Aug 21, 2021.
             Asphyxiated
             ... on level 4 of the Dungeon.
             The game lasted 00:21:45 (5217 turns).

DoubleLucky the Firebug (DrFE)                      Turns: 5217, Time: 00:21:46

HP:   0/37 (45)     AC:  6    Str: 10    XL:     6   Next: 92%
MP:   8/12          EV: 12    Int: 17    God:
Gold: 299           SH:  0    Dex: 12    Spells: 6/13 levels left

rFire    . . .     SeeInvis +   a - +0 dagger
rCold    . . .     Faith    .   (no shield)
rNeg     . . .     Spirit   .   (armour unavailable)
rPois    .         Reflect  .   (helmet restricted)
rElec    .         Harm     .   (no cloak)
rCorr    .         Rampage  .   (no gloves)
Will     .....                  (no boots)
Stlth    ++........             (no amulet)
HPRegen  0.12/turn              c - ring of see invisible
MPRegen  0.13/turn              (no ring)

@: lethally poisoned (0 -> -5), slowed, heavily drained, very slow
A: AC +6, unfitting armour, cold-blooded
a: no special abilities


You were on level 4 of the Dungeon.
You visited 1 branch of the dungeon, and saw 4 of its levels.
You also visited: Sewer.

You collected 299 gold pieces.

Inventory:

Hand Weapons
 a - a +0 dagger (weapon)
Missiles
 d - 41 poisoned darts (quivered)
Jewellery
 c - a ring of see invisible (left hand)
Wands
 j - a wand of flame (8)
Scrolls
 g - 4 scrolls of teleportation
 h - a scroll of enchant armour
Potions
 b - 3 potions of flight
 f - a potion of ambrosia
 i - 2 potions of mutation
 l - a potion of might {unknown}


   Skills:
 - Level 1.7 Dodging
 - Level 1.7 Stealth
 + Level 4.2 Spellcasting
 + Level 4.1 Conjurations
 + Level 5.2 Fire Magic


You had 6 spell levels left.
You knew the following spells:

 Your Spells              Type           Power      Damage    Failure   Level
a - Foxfire               Conj/Fire      76%        2x1d7     2%          1
b - Conjure Flame         Conj/Fire      19%        6-21      7%          3
c - Inner Flame           Hex/Fire       12%        N/A       16%         3

Your spell library contained the following spells:

 Spells                   Type           Power      Damage    Failure   Level
 Freeze                   Ice            12%        1d4       16%         1
 Sticky Flame             Conj/Fire      19%        2d4       22%         4
 Frozen Ramparts          Ice            6%         1d2       43%         3
 Hailstorm                Conj/Ice       10%        3d5       54%         4
 Fireball                 Conj/Fire      9%         3d6       54%         5


Dungeon Overview and Level Annotations

Branches:
Dungeon (4/15)              Sewer (visited)
 Temple: D:4-7

Altars:


Innate Abilities, Weirdness & Mutations

Your plain brown scales are hard. (AC +6)
You cannot fit into any form of body armour.
You are cold-blooded and may be slowed by cold attacks.


Message History

The kobold brigand barely misses you.
Casting: Foxfire (safe; 2% risk of failure)
Confirm with . or Enter, or press ? or * to list all spells.
You conjure some foxfire!
The kobold brigand closely misses you.
The kobold brigand hits you with a +0 short sword.
You closely miss the kobold brigand.
The kobold brigand is severely wounded.
The foxfire hits the kobold brigand.
The kobold brigand is almost dead.
The foxfire hits the kobold brigand.
The kobold brigand is almost dead.
The kobold brigand hits you with a +0 short sword!
* * * LOW HITPOINT WARNING * * *
You feel better.
The kobold brigand hits you with a +0 short sword. x2
Casting: Foxfire (safe; 2% risk of failure)
Confirm with . or Enter, or press ? or * to list all spells.
You conjure some foxfire!
The kobold brigand hits you with a +0 short sword.
* * * LOW HITPOINT WARNING * * *
You closely miss the kobold brigand.
The kobold brigand is almost dead.
The foxfire hits the kobold brigand.
The kobold brigand is almost dead.
The foxfire hits the kobold brigand.
The kobold brigand is almost dead.
The kobold brigand hits you with a +0 short sword.
* * * LOW HITPOINT WARNING * * *
The kobold brigand hits you with a +0 short sword.
* * * LOW HITPOINT WARNING * * *
Okay, then.
Okay, then.
Blink to where?
Press: ? - help, Dir - move target, p - kobold brigand
As you read the scroll of blinking, it crumbles to dust.
The kobold brigand throws a curare-tipped dart.
The curare-tipped dart hits you.
You are lethally poisoned!
You have difficulty breathing.
You die...

# ##.## #.....#...#
#####..#######.#K###...#
.............#.#.# #...#
######..####.#.#.# #...# #
##.## #.#.#.# #...# # #..#
#.#.#.# #...###### ####
##.###.#.#.# #........# ...#
#..##.#.#.# #..####.## ...#
##.##.#.#@###....##.# ...#
#..#.#.#......#.##.#
...######..#.#.########.##.#
###.....................##.#
# #.######.#.#.###########.#
# #.# #.##...#.# #########.#
###.# #....>.#.# #.........#
.##.# #.###.##.###.#########
..#.# #.###.#....#.#


You could see a kobold brigand.

Vanquished Creatures
  A black bear (D:4)
  An ogre (D:4)
  A scorpion (D:3)
  A water moccasin skeleton (D:4)
  A hound (D:4)
  A merfolk siren (Sewer)
  A merfolk avatar (Sewer)
  5 adders
  A river rat (Sewer)
  A worm (D:2)
  2 dart slugs
  3 bats
  6 endoplasms
  7 giant cockroaches
  2 jackals (D:2)
  6 kobolds
  2 quokkas (Sewer)
  14 ball pythons
  6 frilled lizards
  4 goblins
  30 rats
96 creatures vanquished.

Vanquished Creatures (collateral kills)
  2 foxfires (D:1)
2 creatures vanquished.

Vanquished Creatures (others)
  241 foxfires
  2 fungi (D:3)
243 creatures vanquished.

Grand Total: 341 creatures vanquished

Notes
Turn   | Place    | Note
-------+----------+-------------------------------------------
     0 | D:1      | DoubleLucky the Draconian Fire Elementalist began the quest
                  | for the Orb.
     0 | D:1      | Reached XP level 1. HP: 14/14 MP: 3/3
   337 | D:1      | Reached XP level 2. HP: 20/20 MP: 1/5
   982 | D:1      | Found a faded altar of an unknown god.
  1805 | D:2      | Reached XP level 3. HP: 26/26 MP: 2/6
  2050 | D:3      | Learned a level 3 spell: Conjure Flame
  2354 | D:3      | Noticed a scorpion
  2382 | D:3      | Killed a scorpion
  2383 | D:3      | Reached XP level 4. HP: 20/33 MP: 0/8
  2579 | D:3      | Reached skill level 4 in Fire Magic
  3055 | D:3      | Learned a level 3 spell: Inner Flame
  3103 | D:4      | Noticed an ogre
  3155 | D:4      | Killed an ogre
  3156 | D:4      | Reached XP level 5. HP: 17/38 MP: 0/10
  3520 | D:4      | Noticed a black bear
  3534 | D:4      | Killed a black bear
  3535 | D:4      | Reached XP level 6. HP: 45/45 MP: 5/11
  3666 | D:4      | Found a glowing drain.
  3670 | Sewer    | Entered a sewer
  4136 | Sewer    | Reached skill level 5 in Fire Magic
  5217 | D:4      | Asphyxiated

Illustrated notes

Levels and vault maps discovered:
D:1:      dpeg_arrival_yet_another_circle, layout_basic,
          dreamdust_ecumenical_altar_hidden_monk_grotto, serial_bayou_crossing
D:2:      layout_rooms
D:3:      layout_loops_ring, minmay_shallow_snake_nest
D:4:      layout_basic, mainiacjoe_overflow_small_starburst,
          gup_sewer_entry_bowl, uniq_grinder

Skill      XL: |  1  2  3  4  5  6 |
---------------+-------------------+-----
Conjurations   | 2 3 4 |  4.1
Spellcasting   | 3 4 |  4.2
Fire Magic     | 4 5 |  5.2
Dodging        | |  1.7
Stealth        | |  1.7

Action                   |  1- 3 |  4- 6 || total
-------------------------+-------+-------++-------
Melee: Dagger            |    14 |    75 ||    89
       Tailslap          |     5 |    12 ||    17
Throw: Dart              |       |     1 ||     1
 Cast: Foxfire           |    75 |    98 ||   173
  Use: Potion            |     1 |     5 ||     6
       Scroll            |       |     6 ||     6
Armor: Skin              |     4 |    12 ||    16
Dodge: Dodged            |     9 |    54 ||    63
